[Event "15th Paleochora Open 2022"]
[Site "Paleochora"]
[Date "2022.07.21"]
[Round "6.14"]
[White "Nevednichy, Vladislav"]
[Black "Simonetto, Andrea"]
[Result "1-0"]
[ECO "B22"]
[WhiteElo "2473"]
[BlackElo "2273"]
[Annotator "TA"]
[PlyCount "103"]
[EventDate "2022.07.17"]
[EventType "swiss"]
[EventCountry "GRE"]
[SourceTitle "playchess.com"]
[Source "ChessBase"]
[SourceQuality "1"]
[TimeControl "40/5400+30:900+30"]

1. e4 c6 2. c4 d5 3. cxd5 cxd5 4. exd5 Nf6 5. Nc3 Nxd5 6. Nf3 Nc6 7. Bb5 Nb6 8. d4 e6 9. O-O Be7 10. Ne5 Bd7 11. Nxd7 Qxd7 12. Qg4 {B22: Sicilian: 2 c3.} Bf6 13. Rd1 h5 14. Qf3 {White is slightly better.} Nd5 15. Ne4 a6 {[#]} 16. Ba4 $146 ({Predecessor:} 16. Bxc6 bxc6 17. Bf4 Be7 18. Rac1 Rc8 19. b3 h4 20. h3 Nxf4 21. Qxf4 {½-½ (62) Solomaha,A (2376)-Ostrovskiy,A (2077) Kiev 2003}) 16... b5 17. Bb3 Rd8 18. Be3 (18. Bxd5 $6 Qxd5 19. Qxf6 (19. Nxf6+ gxf6 20. Qxd5 Rxd5 $11) 19... gxf6 $11) 18... Nce7 19. a4 b4 (19... Nf5 $142) 20. a5 {Hoping for Ba4.} Kf8 21. Nc5 Qa7 22. Qe2 $36 {[%mdl 2048] White has strong initiative.} Rd6 23. Rac1 h4 24. h3 Qa8 25. Bc2 {White is more active.} Nc6 (25... Nf5 $16 26. Qf3 g6) 26. Be4 $18 (26. Nxa6 Nxd4 27. Bxd4 Bxd4) 26... Nxa5 (26... Kg8 $142 27. Nxa6 (27. Qxa6 Qxa6 28. Nxa6 Nxa5 $18) 27... Nce7) 27. Ra1 Bd8 28. Qf3 Kg8 (28... Qc8 {was necessary.} 29. Rdc1 (29. Bf4 Nxf4 30. Qxf4 Bc7 $16) 29... g5) 29. Bf4 {[%mdl 64] Deflection} Rc6 30. Re1 Rc8 $2 {[#]} (30... Nf6 31. Bxc6 Qxc6 32. Qxc6 Nxc6 33. Rxa6 Nxd4) 31. Bxd5 $2 (31. Nxe6 $1 fxe6 32. Qg4 (32. Bd6 Bb6 $16)) 31... Qxd5 32. Qxd5 exd5 33. Re8+ ({Less strong is} 33. Nxa6 Nb3 $11) 33... Kh7 {[#] Black cannot hold the game after this.} 34. Rxd8 {[%mdl 576] Remove Defender} Rhxd8 35. Rxa5 Re8 36. Kf1 {Inhibits Re1+.} ({Much less strong is} 36. Rxa6 $6 Ra8 37. Kf1 Rxa6 38. Nxa6 b3 $18) 36... Kg6 37. Rxa6+ Kf5 38. Bd2 Ra8 39. Rxa8 ({Don't take} 39. Bxb4 f6 40. Ra3 g5 $18) 39... Rxa8 40. Bxb4 Ra1+ 41. Ke2 g5 42. Be1 Rb1 (42... Ra2 $142 43. Nd3 Ke6) 43. b4 Kg6 44. f3 Kf5 45. Na6 Ke6 46. b5 Kd6 $2 (46... Kd7 47. Nb4 Kc8) 47. Bb4+ {White is clearly winning.} Kd7 48. b6 Rb2+ 49. Kf1 {And now b7 would win.} Rb1+ {[#]} 50. Kf2 $1 {Black must now prevent b7.} Rb2+ 51. Kg1 {Strongly threatening b7.} Rb1+ {[#]} 52. Kh2 $1 {Weighted Error Value: White=0.35/Black=0.37} 1-0

[Event "15th Paleochora Open 2022"]
[Site "Paleochora"]
[Date "2022.07.21"]
[Round "6.15"]
[White "Spyropoulos, Nikolaos"]
[Black "Eden, James"]
[Result "1-0"]
[ECO "B63"]
[WhiteElo "2446"]
[BlackElo "2258"]
[Annotator "TA"]
[PlyCount "51"]
[EventDate "2022.07.17"]
[EventType "swiss"]
[EventCountry "GRE"]
[SourceTitle "playchess.com"]
[Source "ChessBase"]
[SourceQuality "1"]
[TimeControl "40/5400+30:900+30"]

1. e4 c5 2. Nf3 d6 3. d4 cxd4 4. Nxd4 Nf6 5. Nc3 Nc6 6. Bg5 e6 7. Qd3 Be7 8. O-O-O Nxd4 9. Qxd4 O-O 10. h4 {B63: Sicilian: Richter-Rauzer: 7...Be7 and unusual Black 7th moves.} h6 {...e5 is the strong threat.} 11. e5 dxe5 12. Qxe5 {White is slightly better.} Nd7 (12... Qb6 $1 $14) 13. Bxe7 $16 Qxe7 14. Qc7 Qd8 {[#]} 15. Qd6 $146 {aiming for Bb5.} ({Predecessor:} 15. Qf4 Qa5 16. Rh3 Nf6 17. Re3 Bd7 18. g4 Bc6 19. g5 hxg5 20. hxg5 Nd5 21. Nxd5 Bxd5 {1-0 (46) Kokkila,T (2327)-Nieminen,K (2180) Finland 2011}) 15... Qa5 16. Rh3 Nf6 17. Rg3 Bd7 (17... Ne8 $16 18. Qd4 Qc7) 18. b4 $1 $18 Qh5 {[#]} (18... Qa3+ $142 19. Kb1 Ba4) 19. Be2 $1 Qxh4 (19... Qf5 {keeps fighting.} 20. Bd3 (20. Rf3 Qg6 $16) 20... Qh5) 20. Rd4 Qh1+ 21. Kb2 {Black must now prevent Qe5.} (21. Rd1 Qh4 22. Qe5 Rfc8 23. Rxd7 Qxg3 24. Qxg3 Nxd7 $18) 21... Rac8 (21... Rfc8 $142 22. Qe5 (22. Qe7 Rxc3 23. Bd3 Rxd3 $16) 22... Rxc3) 22. Qe5 {Active counter play!} ({Less strong is} 22. Qe7 Rxc3 23. Rxc3 Re8 $14) 22... Rxc3 23. Rxg7+ {[%mdl 64] Decoy. White mates.} Kxg7 {[#]} 24. Rg4+ $1 Kh7 25. Bd3+ ({Not} 25. Qxf6 Rxc2+ 26. Kxc2 Rc8+ 27. Bc4 (27. Kd3 $2 Qb1+ 28. Ke3 Qc1+ 29. Ke4 Bc6+ 30. Kd3 Bb5+ 31. Ke4 Qc2+ 32. Kf4 Qf5+ 33. Qxf5+ exf5 $19) 27... Rxc4+ 28. Rxc4 Qh5 $16) 25... Rxd3 26. Qxf6 {White took control after the opening.  Weighted Error Value: White=0.05 (flawless) /Black=0.81} 1-0

[Event "15th Paleochora Open 2022"]
[Site "Paleochora"]
[Date "2022.07.21"]
[Round "6.16"]
[White "Barbot, Pierre"]
[Black "Vingris, Mikelis"]
[Result "1-0"]
[ECO "A43"]
[WhiteElo "2438"]
[BlackElo "1811"]
[Annotator "TA"]
[PlyCount "95"]
[EventDate "2022.07.17"]
[EventType "swiss"]
[EventCountry "GRE"]
[SourceTitle "playchess.com"]
[Source "ChessBase"]
[SourceQuality "1"]
[TimeControl "40/5400+30:900+30"]

1. d4 Nf6 2. Nf3 c5 3. d5 b5 4. Bg5 d6 5. Bxf6 exf6 6. e4 Qa5+ {A43: Schmid Benoni.} 7. Nbd2 Bd7 8. a4 bxa4 {White is better.} 9. c3 Be7 10. Nc4 {[%mdl 1024] White has strong compensation.} Qc7 11. Bd3 {White is more active.} O-O {[#]} 12. Bc2 $146 ({Predecessor:} 12. O-O a6 13. Ne3 Qb7 14. Qd2 g6 15. Bc2 Re8 16. Bxa4 Bxa4 17. Rxa4 Nd7 18. Rfa1 {1-0 (40) Naumkin,I (2486)-Sbraccia,G (2017) Porto San Giorgio 2011}) 12... Bb5 13. Nfd2 Nd7 14. Bxa4 a6 15. O-O Ne5 16. Bxb5 axb5 17. Nxe5 fxe5 18. Qb3 Ra5 19. Ra3 Rfa8 20. Rfa1 R8a6 21. g3 g6 22. Nb1 Kf8 23. Rxa5 Rxa5 24. Rxa5 Qxa5 $14 {[%mdl 4096] Endgame KQB-KQN} 25. Na3 Qa4 26. Qxa4 bxa4 {KB-KN} 27. Nc4 Ke8 {[#]} (27... Bg5 $1 $11 {keeps the balance.}) 28. Nb6 (28. Kf1 $1 $16) 28... Kd8 $2 {White now steadily converts the win.} (28... Bd8 $1 $11 {and Black has nothing to worry.} 29. Nxa4 c4) 29. Nxa4 $18 Kc7 30. b4 cxb4 31. cxb4 Bg5 {[#]} 32. Kf1 (32. Nb2 $1 $18 {and the rest is easy.}) 32... f5 $2 (32... Bd2 $16) 33. exf5 gxf5 34. Ke2 Kb7 35. f3 h5 36. Kd3 h4 $2 (36... Bf6 37. Nc3 Bg7) 37. gxh4 Bxh4 38. Kc4 Bf6 39. Nc3 Kb6 40. Ne2 e4 41. f4 {Black must now prevent Ng3.} Bg7 42. h4 {[%cal Bh2h4,Bh4h5,Bh5h6][%mdl 32] White mates.} Bh6 43. h5 Kb7 44. Kd4 Kb6 45. Ke3 Kb5 46. Nd4+ Kxb4 47. Nxf5 Bf8 48. h6 {Weighted Error Value: White=0.13 (very precise) /Black=0.54} 1-0

[Event "15th Paleochora Open 2022"]
[Site "Paleochora"]
[Date "2022.07.21"]
[Round "6.17"]
[White "Milonakis, Georgios"]
[Black "Kalogeris, Ioannis"]
[Result "1/2-1/2"]
[ECO "A09"]
[WhiteElo "2256"]
[BlackElo "2406"]
[Annotator "TA"]
[PlyCount "89"]
[EventDate "2022.07.17"]
[EventType "swiss"]
[EventCountry "GRE"]
[SourceTitle "playchess.com"]
[Source "ChessBase"]
[SourceQuality "1"]
[TimeControl "40/5400+30:900+30"]

1. Nf3 d5 2. c4 d4 3. g3 Nc6 4. Bg2 e5 5. d3 Nf6 6. O-O Be7 7. b4 Nxb4 8. Nxe5 {A09: Réti Opening: 1 Nf3 d5 2 c4.} O-O 9. Nd2 Re8 10. a3 Na6 11. Nb3 {[#]} Rb8 $146 ({Predecessor:} 11... c5 12. e3 dxe3 13. fxe3 Bd6 14. Nf3 Bd7 15. Ng5 Qb6 16. Rb1 h6 17. Nd2 Qd8 18. Nge4 Nxe4 19. Nxe4 Bc6 20. Qh5 {½-½ (20) Sulayev,D (2134)-Roseneck,J (2400) Germany 2019}) 12. e3 dxe3 (12... Bc5 {is more complex.} 13. Bb2 dxe3 14. Nxc5 exf2+ 15. Rxf2 Nxc5 16. Nxf7 Qxd3 17. Nh6+ gxh6 18. Rxf6 Qxd1+ 19. Rxd1 Be6) 13. Bxe3 c5 14. f4 Qc7 15. Nd2 Bd6 16. Ne4 Nxe4 17. Bxe4 g6 (17... Bxe5 18. fxe5 Qxe5 19. Bf4 (19. Qf3 Be6 $16) 19... Qd4+ 20. Kg2 $16) 18. Qf3 Be6 19. Rab1 b6 (19... f6 $1 $14 20. Ng4 (20. Bxb7 fxe5 21. fxe5 Bxe5 $11) (20. Rxb7 Rxb7 21. Bxb7 fxe5 $14) 20... Bxg4 21. Qxg4 f5 22. Bd5+ Kh8) 20. Bc6 (20. Nc6 $16) 20... Rf8 21. Bb5 $36 {[%mdl 2048] White is more active.} (21. Bd2 {looks sharper.} Bxe5 22. fxe5 Qxe5 23. Rbe1) 21... Bc8 22. Ng4 Bb7 23. Nf6+ Kg7 24. Nd5 Qc8 (24... Qd8 $14) 25. Bxa6 $18 Bxa6 26. f5 (26. Bc1 $18) 26... Bb7 {[#]} (26... f6 $1 $11) 27. f6+ ({Don't play} 27. fxg6 $6 fxg6 28. Qe2 Bxd5 29. Qb2+ (29. cxd5 Qe8 $11) 29... Kg8 $11) (27. Rbe1 $1 $16) 27... Kg8 $15 28. Bf4 Bxf4 (28... Bxd5 $11 {keeps the balance.} 29. cxd5 (29. Qxd5 Bxf4 30. Rxf4 Qe6 $15) 29... Rd8) 29. Qxf4 $16 {Intending Qh6 and mate.} Qh3 {Prevents Qh6.} 30. Rbe1 b5 31. Re7 (31. Rf2 $14) 31... bxc4 $1 $11 32. dxc4 {[%cal Oe7f7] Dancing on a razor blade.} Bxd5 33. cxd5 Rb2 {[%csl Gb2][%cal Rh3h2] [#]} 34. Rf2 {Active counter play!} Rb1+ 35. Rf1 Rb2 36. Rf2 Rb1+ 37. Rf1 Rxf1+ (37... Rb2 $5 38. Rf2 $11) 38. Qxf1 {[%mdl 4096] Endgame KQR-KQR} Qg4 {The position is equal.} 39. Qd3 {d6 is the strong threat.} c4 40. Qe4 Qg5 41. Qe5 Qc1+ (41... Qd2 $2 42. Re8 Qc1+ 43. Kf2 Qc2+ 44. Kf3 Qd1+ 45. Kf2 Qd2+ 46. Kf3 Qd3+ 47. Kf4 Qf1+ 48. Kg5 h6+ 49. Kxh6 (49. Kh4 g5+ 50. Kg4 Qd1+ 51. Kh3 Qf1+ 52. Kg4 Qd1+ 53. Kh3 Qf1+ 54. Kg4 $11) 49... Qh3+ 50. Kg5 $18) 42. Kg2 Qd2+ 43. Kg1 {Hoping for Re8.} Qc1+ 44. Kg2 {Strongly threatening Re8.} Qd2+ 45. Kg1 {Weighted Error Value: White=0.20 (precise) /Black=0.14 (very precise)} 1/2-1/2

[Event "15th Paleochora Open 2022"]
[Site "Paleochora"]
[Date "2022.07.21"]
[Round "6.18"]
[White "Demchenko, Svitlana"]
[Black "Pap, Misa"]
[Result "0-1"]
[ECO "A47"]
[WhiteElo "2122"]
[BlackElo "2375"]
[Annotator "TA"]
[PlyCount "146"]
[EventDate "2022.07.17"]
[EventType "swiss"]
[EventCountry "GRE"]
[SourceTitle "playchess.com"]
[Source "ChessBase"]
[SourceQuality "1"]
[TimeControl "40/5400+30:900+30"]

1. d4 Nf6 2. Nf3 e6 3. Bf4 c5 4. e3 cxd4 5. exd4 b6 6. Bd3 Bb7 7. Nbd2 Be7 8. c3 d6 {A47: 1 d4 Nf6 2 Nf3 b6: Torre, London and Colle Systems.} 9. Qe2 Nbd7 10. h3 a6 {White has an edge.} 11. a4 O-O 12. O-O Re8 13. Rfe1 Nf8 14. Ne4 Nd5 15. Bh2 {[#]} h6 $146 ({Predecessor:} 15... Qd7 16. h4 f5 17. Ned2 h6 18. h5 Nf6 19. Nc4 Qc6 20. a5 b5 21. Nb6 Rad8 {1-0 (42) Van Mechelen,J (2247)-Ward,C (2441) Ghent 2017}) 16. Qd2 Rc8 17. h4 Nh7 18. h5 Ndf6 19. Nxf6+ Nxf6 20. Qe2 Ra8 21. Nd2 Bf8 22. Ne4 Nd5 23. Qd2 Rc8 24. c4 Nf6 25. Nxf6+ Qxf6 26. Bf1 (26. a5 $1 $14) 26... Qh4 27. a5 d5 28. cxd5 b5 29. dxe6 fxe6 30. Re5 Rcd8 31. Qe2 Bd6 (31... Bd5 $11) 32. Bg3 $14 Qf6 {[#]} 33. Re3 (33. Qg4 $1 $14 {is more appropriate.}) 33... Bxg3 $11 (33... Qxd4 $2 34. Rd1 Qxd1 35. Qxd1 $18) 34. Rxg3 Qxd4 35. Rc1 Re7 36. Rd3 Qxd3 37. Qxd3 Rxd3 38. Bxd3 {[%mdl 4096] Endgame With the idea Bg6. KRB-KRB} Rd7 (38... Kf7 $1 $11) 39. Bg6 $1 $16 Kf8 40. Kh2 (40. f3 $1 $16) 40... Ke7 $11 41. Kg3 Kd6 42. f3 Ke5 43. Rc5+ Kd4 44. Rc1 Bd5 45. Rc8 Re7 46. Be4 Bxe4 47. fxe4 {KR-KR} e5 48. Rc6 (48. Ra8 $11) 48... Ra7 (48... Kxe4 $15 49. Rxa6 Kd3) 49. Kf3 Rf7+ 50. Ke2 $1 Rf6 51. Rc7 g6 (51... Kxe4 52. Rxg7 Kd5 53. Ke3 $14) 52. Rb7 $1 {aiming for Rb6.} gxh5 (52... Kxe4 53. Rb6 Kf5 54. g4+ Kg5 55. hxg6 Kxg6 56. Ke3) 53. Rb6 Rf4 54. Rxa6 Rxe4+ 55. Kf2 Rf4+ 56. Ke2 Rg4 57. Kf2 Kd5 {Threatening ...Rb4.} 58. Rb6 Rb4 59. a6 Rxb2+ 60. Ke3 Rb3+ ({Much worse is} 60... Rxg2 $6 61. Rxb5+ Kd6 62. Ra5 Rg3+ 63. Ke4 Rg4+ 64. Ke3 Rg3+ 65. Ke4 Rg4+ 66. Ke3 $11) 61. Ke2 Ke4 {Strongly threatening ...Rb2+.} 62. Rxh6 {Loses the game.} (62. Kf2 $17 {is a better defense.}) 62... Rb2+ $19 63. Kd1 {[#]} Ra2 $1 ({Inferior is} 63... Rxg2 64. Rxh5 Ra2 65. Rh6 $17) 64. Rb6 $2 (64. Kc1 {was forced.} Kd4 65. Kb1) 64... Kd3 65. Rd6+ Kc4 (65... Kc3 $142 {Hoping for ...b4.} 66. Rc6+ Kd3 67. Rd6+ Ke3) 66. Re6 $2 {[#]} (66. Kc1) 66... e4 $1 67. Rc6+ Kd3 68. Rd6+ Ke3 69. Rb6 h4 70. Rxb5 Rxa6 {( -> ...Ra1+)} 71. Rh5 Kf2 {Black mates.} 72. Rxh4 Rd6+ 73. Kc2 e3 {Weighted Error Value: White=0.16 (very precise) /Black=0.11 (very precise)} 0-1

[Event "15th Paleochora Open 2022"]
[Site "Paleochora"]
[Date "2022.07.22"]
[Round "7.1"]
[White "Ali Marandi, Cemil Can"]
[Black "Hamitevici, Vladimir"]
[Result "1-0"]
[ECO "D02"]
[WhiteElo "2561"]
[BlackElo "2473"]
[Annotator "TA"]
[PlyCount "53"]
[EventDate "2022.07.17"]
[EventType "swiss"]
[EventCountry "GRE"]
[SourceTitle "playchess.com"]
[Source "ChessBase"]
[SourceQuality "1"]
[TimeControl "40/5400+30:900+30"]

1. d4 Nf6 2. Nf3 e6 3. Bf4 d5 4. e3 Bd6 5. c3 O-O 6. Nbd2 {D02: 1 d4 d5 2 Nf3 sidelines, including 2...Nf6 3 g3 and 2...Nf6 3 Bf4.} c5 7. Bg3 Qc7 8. dxc5 {The position is equal.} Qxc5 9. Bd3 Nbd7 10. Qe2 Bxg3 11. hxg3 h6 12. O-O-O {[#]} Re8 $146 ({Predecessor:} 12... Rb8 13. Kb1 b5 14. e4 b4 15. c4 dxe4 16. Nxe4 Nxe4 17. Bxe4 Nf6 18. Bd3 Bb7 {0-1 (45) Abdyjapar,A (2394)-Rasulov,V (2478) Chess.com INT 2020}) 13. e4 dxe4 (13... e5 $11) 14. Nxe4 $14 Nxe4 15. Bxe4 Nf6 {[#]} 16. Ne5 $1 {[%cal Og3g4] Black must now prevent g4! White is more active.} Nxe4 (16... Qxe5 $2 {[#]} 17. Bh7+ $1 Nxh7 18. Qxe5 $18) 17. Qxe4 {And now g4 would win.} Qe7 $2 (17... Qxf2 $14 18. g4 f5) 18. f4 $18 {Strongly threatening g4.} Rd8 19. Rxd8+ Qxd8 20. Rd1 {[%cal Rd1d8] Inhibits Qd5.} Qc7 21. Qc4 Qb6 (21... Qe7 22. Rd4 g6) 22. Qa4 $2 (22. g4 $18 {is more deadly.}) 22... Kf8 $2 {[%mdl 8192] This costs Black the game.} (22... Qe3+ $16 23. Rd2 (23. Kb1 b5 $14) 23... b5 24. Qxb5 Qe1+ 25. Kc2 Qe4+ 26. Qd3 Bb7) 23. Qa3+ Ke8 24. Nc4 Qa6 25. Nd6+ Kf8 26. Nf5+ Qxa3 27. Rd8# {Weighted Error Value: White=0.14 (very precise) /Black=0.61} 1-0

[Event "15th Paleochora Open 2022"]
[Site "Paleochora"]
[Date "2022.07.22"]
[Round "7.2"]
[White "Stremavicius, Titas"]
[Black "Zakarian, David"]
[Result "1-0"]
[ECO "A14"]
[WhiteElo "2532"]
[BlackElo "2300"]
[Annotator "TA"]
[PlyCount "71"]
[EventDate "2022.07.17"]
[EventType "swiss"]
[EventCountry "GRE"]
[SourceTitle "playchess.com"]
[Source "ChessBase"]
[SourceQuality "1"]
[TimeControl "40/5400+30:900+30"]

1. c4 e6 2. g3 Nf6 3. Bg2 d5 4. Nf3 Be7 5. O-O O-O 6. b3 d4 7. e3 c5 {A14: English Opening: 1...e6 with b3 by White.} 8. exd4 cxd4 9. d3 h6 {The position is equal.} 10. Re1 Nc6 11. Na3 Bb4 12. Re2 e5 13. Bb2 {[#]} Re8 $146 ({Predecessor:} 13... Bg4 14. h3 Bh5 15. Qb1 Re8 16. Nc2 e4 17. Nxb4 Nxb4 18. dxe4 d3 19. Re1 Nc2 {0-1 (35) Arnason,J (2528)-Timoshenko,G (2554) Panormo 2001}) 14. Nc2 Bd6 15. b4 a6 16. Qe1 (16. a4 $11) 16... Bg4 $15 17. h3 Bh5 18. Rd1 Nd7 19. g4 Bg6 20. a4 {[#]} (20. a3 $15) 20... Qb8 $2 (20... a5 $1 $17 21. b5 Nb4 22. Nxb4 Bxb4) 21. Nh4 Nf8 (21... Bh7 $11 {remains equal.}) 22. b5 (22. Ba3 $16) 22... axb5 $11 23. axb5 Ne7 (23... Na5 $5 ) 24. f4 $36 {[%cal Rf4e5][%mdl 2048] White fights for an advantage.} e4 25. Bxe4 (25. Nxg6 Nfxg6 26. Bxe4 (26. Nxd4 exd3 27. Re4 Nxf4 $17) 26... Nxf4 27. Bxd4 Nxe2+ 28. Qxe2 Ng6 $17) 25... Bxe4 26. Rxe4 ({Don't play} 26. dxe4 Neg6 27. Ng2 (27. Rxd4 $2 Nxf4 28. Re3 Bc5 $19) (27. Nxd4 Nxh4 28. Qxh4 Ng6 $17) 27... Ne6 28. Bxd4 (28. Nxd4 Ngxf4 29. Nxf4 Nxf4 $17) 28... Bxf4 $15) 26... Ra2 27. Rb1 {Threatens to win with Nf5.} Bxf4 $2 28. Nf3 $2 (28. Rxe7 $18 Rxe7 29. Qxe7) 28... Nfg6 29. Ncxd4 {And now Nf5 would win.} Bg3 {[#]} ({Black should try} 29... Bd6 $14) 30. Qc3 $1 $16 f6 31. Ne2 Be5 (31... Ra8 {is a better defense.} 32. Rf1 Bc7) 32. d4 Bc7 (32... Bf4 $142) 33. b6 {White has a decisive advantage.} Bg3 34. c5 Kh7 (34... Nd5 $2 35. Qb3 Kh8 36. Qxd5 $18 (36. Qxa2 Rxe4 37. Bc1 Bf4 $14)) 35. Qd3 Kh8 36. d5 {Weighted Error Value: White=0.28 (precise) /Black=0.44} 1-0

[Event "15th Paleochora Open 2022"]
[Site "Paleochora"]
[Date "2022.07.22"]
[Round "7.3"]
[White "Yilmaz, Mustafa"]
[Black "Meshkovs, Nikita"]
[Result "1/2-1/2"]
[ECO "D37"]
[WhiteElo "2634"]
[BlackElo "2535"]
[Annotator "TA"]
[PlyCount "106"]
[EventDate "2022.07.17"]
[EventType "swiss"]
[EventCountry "GRE"]
[SourceTitle "playchess.com"]
[Source "ChessBase"]
[SourceQuality "1"]
[TimeControl "40/5400+30:900+30"]

1. d4 Nf6 2. c4 e6 3. Nf3 a6 4. Nc3 d5 5. cxd5 exd5 6. Bg5 {D37: Queen's Gambit Declined: 5 Bf4.} Be6 7. e3 Nbd7 8. h3 {White is slightly better.} Bd6 9. Bd3 c6 10. Bf4 Qc7 11. Bxd6 Qxd6 12. O-O O-O {[#]} 13. Re1 $5 $146 {[%mdl 8] New and interesting.} ({Predecessor:} 13. Qc2 h6 14. a3 a5 15. Rac1 Rfe8 16. Rfd1 Qe7 17. Re1 Rec8 18. Ne2 c5 19. dxc5 Nxc5 {½-½ (42) Giri,A (2761)-Tari,A (2654) chess24.com INT 2022}) 13... h6 14. Rc1 Rac8 15. Qc2 c5 16. dxc5 Rxc5 17. Qa4 Rfc8 18. Qd4 Qc7 19. Rcd1 Rc6 20. Ne2 Qb6 21. Nf4 R6c7 22. Bb1 Rc4 23. Qxb6 Nxb6 24. Nd4 Bd7 25. f3 R4c7 26. b3 {Prevents Na4.} g6 27. Kf2 Kg7 28. g4 Ng8 29. h4 {[%cal Bh3h4,Bh4h5][%mdl 32] 0x0.0019e9eb20c3dp-1022s more active pieces.} Ne7 30. h5 {[#] Strongly threatening hxg6.} g5 31. Nfe2 Rd8 32. Ng3 Nbc8 33. e4 dxe4 (33... Nd6 $142) 34. Ndf5+ ({Resist} 34. Nxe4 Nd5 $14) (34. Bxe4 $142 Re8 35. Bf5) 34... Nxf5 $16 35. Nxf5+ Kf6 36. Ne3 {Threatens to win with Nd5+.} ({Much weaker is} 36. Nxh6 $6 Rh8 $11) 36... Kg7 37. Bxe4 {Hoping for Bf5.} Re8 38. Bf5 Be6 39. Bxe6 fxe6 40. Rc1 (40. Nc4 {looks sharper.} Kf6 41. Re2 Na7 42. Kg3) 40... Ree7 41. Nc4 Kf6 42. Red1 Red7 43. Ke3 Rxd1 44. Rxd1 $11 {[%mdl 4096] Endgame KRN-KRN} b5 45. Nd6 {Black must now prevent Ne8+.} Ke5 46. Ne4 Ne7 47. Rd8 Rc2 48. a3 Ra2 {...Nd5+ is the strong threat.} 49. Nc5 $2 (49. Rh8 $1 $11 {and White is okay.}) 49... Nd5+ $19 ({Stronger than} 49... Rxa3 50. Nd7+ Kd5 51. Nf6+ Kc6 52. Kf2 $11) 50. Kd3 a5 (50... Rxa3 $17 {And now ...Ra1 would win.} 51. Rh8 Kf4 52. Rf8+ Ke5) 51. Rh8 (51. a4 $11) 51... Nf4+ $17 52. Kc3 Nd5+ 53. Kd3 {[#]} Nf4+ {Weighted Error Value: White=0.14 (very precise) /Black=0.09 (flawless)} (53... Rf2 $1 $17 54. Rxh6 Nf4+ 55. Kc3 Rxf3+ 56. Kc2 Rg3) 1/2-1/2

[Event "15th Paleochora Open 2022"]
[Site "Paleochora"]
[Date "2022.07.22"]
[Round "7.4"]
[White "Barp, Alberto"]
[Black "Banikas, Hristos"]
[Result "1/2-1/2"]
[ECO "E92"]
[WhiteElo "2423"]
[BlackElo "2598"]
[Annotator "TA"]
[PlyCount "47"]
[EventDate "2022.07.17"]
[EventType "swiss"]
[EventCountry "GRE"]
[SourceTitle "playchess.com"]
[Source "ChessBase"]
[SourceQuality "1"]
[TimeControl "40/5400+30:900+30"]

1. d4 g6 2. c4 Bg7 3. Nf3 Nf6 4. Nc3 O-O 5. e4 d6 6. Be2 e5 7. dxe5 dxe5 8. Qxd8 Rxd8 9. Bg5 Nbd7 10. O-O-O Rf8 11. Nd5 c6 12. Ne7+ {E92: King's Indian: Classical: 6 Be2 e5: 7 dxe5, 7 Be3 and Petrosian System without 7...Nbd7.} Kh8 13. Nxc8 (13. Be3 $14) 13... Raxc8 (13... Rfxc8 $11 14. h4 Rc7) 14. Be3 $14 Rc7 15. Nd2 $1 Ra8 16. g4 Bf8 17. g5 Ne8 {[#]  Weighted Error Value: White=0.07 (flawless) /Black=0.16 (very precise)} {Predecessor:} 18. Bg4 $146 Bc5 19. Bxd7 Bxe3 20. fxe3 Rxd7 21. Nf3 Re7 22. Rd3 Nc7 23. Rhd1 Kg7 24. Rd7 {½-½ (53) Van Zyl Rudd,J (2041)-Frolov,A (2389) Budapest 2017} 1/2-1/2

[Event "15th Paleochora Open 2022"]
[Site "Paleochora"]
[Date "2022.07.22"]
[Round "7.5"]
[White "Kourkoulos-Arditis, Stamatis"]
[Black "Spyropoulos, Nikolaos"]
[Result "1-0"]
[ECO "A07"]
[WhiteElo "2535"]
[BlackElo "2446"]
[Annotator "TA"]
[PlyCount "79"]
[EventDate "2022.07.17"]
[EventType "swiss"]
[EventCountry "GRE"]
[SourceTitle "playchess.com"]
[Source "ChessBase"]
[SourceQuality "1"]
[TimeControl "40/5400+30:900+30"]

1. Nf3 Nf6 2. g3 d5 3. Bg2 c6 4. O-O Bg4 5. d3 Nbd7 6. h3 Bh5 7. Nbd2 e6 8. e4 dxe4 9. dxe4 Be7 {A07: Réti Opening: New York and Capablanca Systems.} 10. Qe1 O-O 11. a4 Qc7 {The position is equal.} 12. Nc4 Bxf3 13. Bxf3 {[%cal Bg2f3,Bf3e2,Be2c4][%mdl 32] [#]} Ne5 $146 (13... b5 $5 14. Ne3 Bc5 $14) ({Predecessor:} 13... b5 14. Ne3 a6 15. Bd2 Nc5 16. Ba5 Qb8 17. Bb4 bxa4 18. Nc4 Qb5 19. Na3 Qb6 {½-½ (54) Lemberger,W (2114)-Binder,K (1854) ICCF email 2008}) 14. Nxe5 Qxe5 15. c3 Qc7 16. Bf4 $1 e5 17. Be3 Nd7 18. Be2 Bc5 19. Bc4 Bxe3 20. Qxe3 Qb6 21. Qf3 a5 22. Rfd1 Rad8 23. Rd2 Nf6 24. Rad1 h6 25. Kg2 Rxd2 26. Rxd2 Rd8 (26... Rb8 $11) 27. Qe3 $16 Qc7 28. Rxd8+ Qxd8 {[%mdl 4096] Endgame [#] KQB-KQN} 29. Qa7 $1 Qe7 30. Kf3 ({Don't take} 30. Qxa5 $6 Nxe4 31. Bd3 Nd6 $11) 30... Qd7 31. Qb8+ Kh7 32. Qxe5 {Active counter play!} Qxh3 33. Bxf7 {Threatens to win with Be6.} Qh1+ {[#]} 34. Kf4 $1 {Qf5+ is the strong threat.} Qc1+ $2 {[%mdl 8192] Loses the game.} (34... g5+ $16 35. Kf5 Qf3+ 36. Ke6 Kg7) 35. Kf5 $18 h5 $2 (35... Qxb2 36. f4 Qd2 37. Bg6+ (37. Qxa5 $2 Qd7+ 38. Be6 Qe7 $19) 37... Kh8 38. Qb8+ Ng8) 36. Qb8 {Threatening mate with Bg6+.} Qh6 {Against Bg6+} 37. e5 {White mates.} h4 38. gxh4 c5 39. Qd8 g6+ 40. Ke6 {Weighted Error Value: White=0.04 (flawless) /Black=0.46} 1-0